 Dungeon Crawl Stone Soup version 0.19-a0-1682-g5114f93 (webtiles) character file.

9450 George the Carver (level 11, -7/100 HPs)
             Began as a Minotaur Fighter on Sept 24, 2016.
             Was a Priest of the Shining One.
             Mangled by a phantasmal warrior (13 damage)
             ... led by a death knight
             ... on level 10 of the Dungeon.
             The game lasted 00:21:22 (9698 turns).

George the Carver (Minotaur Fighter)                Turns: 9698, Time: 00:21:22

Health: -7/100     AC: 24    Str: 21      XL:     11   Next: 23%
Magic:  13/13      EV:  6    Int: 12      God:    the Shining One [***...]
Gold:   251        SH: 11    Dex:  7 (9)  Spells: 0 memorised, 10 levels left

rFire  + . .     SeeInvis +     D - +4 falchion of Irritation {flame, rElec Int+7 Dex-4}
rCold  . . .     Gourm    +     T - +0 plate armour (curse)
rNeg   + . .     Faith    .     c - +0 shield
rPois  .         Spirit   .     (helmet restricted)
rElec  +         Dismiss  .     x - +2 cloak
rCorr  .         Reflect  .     W - +2 pair of gloves
MR     .....     Harm     .     X - +0 pair of boots {Fly}
Stlth  ..........               U - amulet of the gourmand
                                J - ring of see invisible
                                Q - ring of protection from magic

@: vulnerable, flying, glowing
A: retaliatory headbutt, horns 2, deterioration 1, fire resistance 1, low mp 1
a: Divine Shield, Renounce Religion, Stop Flying


You were on level 10 of the Dungeon.
You worshipped the Shining One.
The Shining One was most pleased with you.
You were completely stuffed.

You visited 2 branches of the dungeon, and saw 11 of its levels.
You also visited: Ossuary.

You collected 395 gold pieces.
You spent 144 gold pieces at shops.

Inventory:

Hand Weapons
 D - the +4 falchion of Irritation (weapon) {flame, rElec Int+7 Dex-4}
   (You bought it in a shop on level 4 of the Dungeon)

   It has been specially enchanted to burn those struck by it, causing extra
   injury to most foes and up to half again as much damage against particularly
   susceptible opponents.
   Big, fiery blades are also staple armaments of hydra-hunters.
   It affects your intelligence (+7).
   It affects your dexterity (-4).
   It insulates you from electricity.
Armour
 c - a +0 shield (worn)
 x - a +2 cloak (worn)
 T - a cursed +0 plate armour (worn)
 W - a +2 pair of gloves (worn)
 X - a +0 pair of boots of flying (worn)
Rods
 V - a +0 rod of ignition (13/13)
   (You found it on level 8 of the Dungeon)
Jewellery
 J - a ring of see invisible (right hand)
 Q - a ring of protection from magic (left hand)
 U - an amulet of the gourmand (around neck)
Wands
 j - a wand of lightning (10/15)
 F - a wand of iceblast (3/15)
 M - a wand of iceblast (4/15)
 R - a wand of iceblast (7/15)
 S - a wand of acid (9/15)
Scrolls
 e - 8 scrolls of immolation
 g - 3 scrolls of recharging
 i - 2 scrolls of fear
 k - 2 scrolls of magic mapping
 n - a scroll of amnesia {unknown}
 p - 4 scrolls of random uselessness {unknown}
 s - 5 scrolls of teleportation {unknown}
 t - 8 scrolls of identify {unknown}
 u - 3 scrolls of fog {unknown}
 v - 4 scrolls of enchant armour {unknown}
 y - 2 scrolls of blinking {unknown}
 H - 3 scrolls of remove curse {unknown}
Potions
 b - a potion of cure mutation {unknown}
 d - 2 potions of might
 h - 4 potions of mutation {unknown}
 m - a potion of haste {unknown}
 q - 2 potions of cancellation {unknown}
 r - 6 potions of curing
 w - 4 potions of flight {unknown}
 A - 2 potions of ambrosia {unknown}
 B - 7 potions of degeneration {unknown}
 C - a potion of magic {unknown}
 G - a potion of resistance {unknown}
 K - a potion of lignification {unknown}
 L - a potion of heal wounds {unknown}
 N - 3 potions of berserk rage {unknown}
 O - 5 potions of agility {unknown}
 P - a potion of brilliance {unknown}
Comestibles
 a - a fruit
 f - 7 bread rations
 l - 6 meat rations
 o - a chunk of flesh
 z - 3 beef jerkies
 I - 2 royal jellies


   Skills:
 + Level 10.2 Fighting
 + Level 10.8 Long Blades
 + Level 10.2 Armour
 + Level 10.2 Shields
 + Level 6.3 Invocations


You had 10 spell levels left.
You didn't know any spells.

Dungeon Overview and Level Annotations

Branches:
Dungeon (10/15)            Temple (1/1) D:7            Lair (0/6) D:8
    Orc: D:9-12

Altars:
Ashenzari
Cheibriados
Dithmenos
Elyvilon
Fedhas
Gozag
Hepliaklqana
Kikubaaqudgha
Makhleb
Nemelex Xobeh
Okawaru
Qazlal
Ru
Sif Muna
Trog
Uskayaw
Vehumet
Xom
Yredelemnul
Zin
The Shining One

Shops:
D:4 (   D:8 %=}!   D:9 ?


Innate Abilities, Weirdness & Mutations

You reflexively headbutt those who attack you in melee.
You have a pair of horns on your head.
Your body sometimes deteriorates upon taking damage.
Your flesh is heat resistant. (rF+)
Your magical capacity is low. (-10% MP)


Message History

* * * LOW HITPOINT WARNING * * *
You hit the phantasmal warrior. You burn the phantasmal warrior.
The phantasmal warrior is heavily damaged.
The phantasmal warrior hits you but does no damage.
Evoke which item? (* to show all) (? for menu, Esc to quit)
Zapping:
S - a wand of acid {recharged} (will waste charges)
Press: ? - help, Shift-Dir - straight line, f - phantasmal warrior
Aim: a phantasmal warrior (heavily damaged, haloed)
The bolt of acid hits the phantasmal warrior.
The phantasmal warrior appears unharmed.
The phantasmal warrior is heavily damaged.
The bolt of acid hits the freezing wraith.
The freezing wraith is splashed with acid.
The acid corrodes the freezing wraith!
You destroy the freezing wraith!
The Shining One accepts your kill.
You feel better.
Evoking this partially-identified wand wasted a few charges.
The phantasmal warrior hits you!
You die... .############# ...........W@# ##############

You could see a phantasmal warrior.

Vanquished Creatures
  A death knight (D:9)
  The ghost of p0werm0de the Martial Artist, a novice OpTm of Cheibriados (D:7)
  A phantasmal warrior (D:9)
  Pikel (D:6)
  A deep elf mage (D:7)
  A freezing wraith (D:10)
  Prince Ribbit (D:8)
  Sigmund (D:2)
  12 yaks (D:8)
  Duvessa (D:6)
  5 porcupines (D:8)
  4 orc warriors
  A slave (D:6)
  A sky beast (D:7)
  4 eyes of draining (D:9)
  5 ogres
  A phantom (D:4)
  3 centaurs
  2 big kobolds
  7 bullfrogs
  A wyvern zombie (D:7)
  Dowan (D:6)
  A scorpion (D:9)
  5 wights (D:7)
  7 electric eels (D:7)
  3 crimson imps
  A bullfrog zombie (D:5)
  2 centaur zombies
  5 orc priests
  4 orc wizards
  A centaur skeleton (D:7)
  2 hounds
  A jelly (D:6)
  Crazy Yiuf (D:3)
  2 bullfrog skeletons
  Jessica (D:2)
  7 iguanas
  Terence (D:2)
  Natasha (thrice) (D:2)
  5 worker ants
  A hound zombie (D:7)
  4 mummies (Ossuary)
  A worker ant zombie (D:7)
  A howler monkey zombie (D:6)
  7 adders
  4 gnolls (D:7)
  4 river rats (D:8)
  A shadow imp (D:5)
  An ooze (D:1)
  2 adder skeletons
  2 worms
  2 dart slugs (D:3)
  4 leopard geckos
  24 orcs
  7 giant cockroaches
  2 gnoll zombies (Ossuary)
  6 goblins
  A hobgoblin (D:1)
  A jackal (D:6)
  A quokka (D:8)
  A ball python (D:2)
  11 bats
  13 frilled lizards
  2 goblin zombies (Ossuary)
  A jackal skeleton (D:5)
  7 kobolds
  A leopard gecko zombie (D:5)
  3 orc zombies (Ossuary)
  A quokka skeleton (D:8)
  14 rats
238 creatures vanquished.

Vanquished Creatures (others)
  A slave (D:6)
  A howler monkey (D:6)
  An iguana (D:6)
  2 worker ants (D:6)
  A worker ant zombie (D:7)
  An adder (D:7)
  2 orcs (D:6)
  A bush (D:8)
  4 fungi (D:8)
  12 plants
26 creatures vanquished.

Grand Total: 264 creatures vanquished

Notes
Turn   | Place    | Note
-------+----------+-------------------------------------------
     0 | D:1      | George the Minotaur Fighter began the quest for the Orb.
     0 | D:1      | Reached XP level 1. HP: 19/19 MP: 0/0
   237 | D:1      | Reached XP level 2. HP: 26/26 MP: 1/1
  1049 | D:2      | Reached XP level 3. HP: 33/33 MP: 2/2
  1054 | D:2      | Noticed Natasha
  1068 | D:2      | Killed Natasha
  1225 | D:2      | Noticed Terence
  1238 | D:2      | Killed Terence
  1238 | D:2      | Reached XP level 4. HP: 35/40 MP: 3/3
  1260 | D:2      | Noticed Jessica
  1261 | D:2      | Killed Jessica
  1476 | D:2      | Noticed Natasha
  1484 | D:2      | Killed Natasha
  1484 | D:2      | Reached XP level 5. HP: 35/47 MP: 4/4
  1521 | D:2      | Noticed Natasha
  1526 | D:2      | Killed Natasha
  1574 | D:2      | Noticed Sigmund
  1582 | D:2      | Killed Sigmund
  1582 | D:2      | Reached skill level 5 in Fighting
  1582 | D:2      | Reached skill level 5 in Long Blades
  1582 | D:2      | Reached skill level 5 in Shields
  1582 | D:2      | Reached XP level 6. HP: 50/56 MP: 5/5
  1773 | D:3      | Reached skill level 5 in Armour
  1810 | D:3      | Found a runed door.
  2329 | D:3      | Noticed Crazy Yiuf
  2336 | D:3      | Killed Crazy Yiuf
  2459 | D:4      | Reached XP level 7. HP: 60/61 MP: 6/6
  2758 | D:4      | Found Uhoot's Antique Weapon Shop.
  2775 | D:4      | Found a deep blue altar of Sif Muna.
  2776 | D:4      | Bought an ichor-stained falchion for 144 gold pieces
  2776 | D:4      | Identified the +4 falchion of Irritation {flame, rElec Int+7 Dex-4} (You bought it in a shop on level 4 of the Dungeon)
  3082 | D:5      | Entered Level 5 of the Dungeon
  3301 | D:5      | Found a stormy altar of Qazlal.
  3303 | D:5      | Found a hazy altar of Hepliaklqana.
  3304 | D:5      | Found a burning altar of Makhleb.
  3586 | D:6      | Reached XP level 8. HP: 67/71 MP: 7/7
  3709 | D:6      | Noticed Duvessa
  3714 | D:6      | Noticed Dowan
  3721 | D:6      | Killed Duvessa
  3731 | D:6      | Killed Dowan
  3843 | D:6      | Found a glowing golden altar of the Shining One.
  3851 | D:6      | Became a worshipper of the Shining One
  3923 | D:6      | Noticed Pikel
  3939 | D:6      | Killed Pikel
  3939 | D:6      | Reached skill level 1 in Invocations
  4287 | D:6      | Reached XP level 9. HP: 79/79 MP: 9/9
  4792 | D:6      | Found a shattered altar of Ashenzari.
  4857 | D:6      | Found a radiant altar of Vehumet.
  5622 | D:7      | Noticed p0werm0de's ghost (novice OpTm)
  5646 | D:7      | Killed p0werm0de's ghost
  5728 | D:7      | Found a staircase to the Ecumenical Temple.
  5736 | Temple   | Entered the Ecumenical Temple
  6253 | D:7      | Gained mutation: Your magical capacity is low. (-10% MP) [mutagenic meat]
  6256 | D:7      | Gained mutation: Your flesh is heat resistant. (rF+) [mutagenic meat]
  6259 | D:7      | Gained mutation: Your body sometimes deteriorates upon taking damage. [mutagenic meat]
  6939 | D:7      | Reached * piety under the Shining One
  6969 | D:7      | Noticed a deep elf mage
  6975 | D:7      | Killed a deep elf mage
  6975 | D:7      | Reached XP level 10. HP: 60/90 MP: 10/10
  7130 | D:8      | Noticed Prince Ribbit
  7142 | D:8      | Killed Prince Ribbit
  7277 | D:8      | Found a staircase to the Lair.
  7291 | D:8      | Found a sand-covered staircase.
  7297 | Ossuary  | Entered an ossuary
  7470 | Ossuary  | Reached ** piety under the Shining One
  7595 | D:8      | Reached skill level 10 in Long Blades
  7597 | D:8      | Reached skill level 5 in Invocations
  7720 | D:8      | Found Direymm's Distillery.
  7833 | D:8      | Found Nilliret's Food Shoppe.
  7934 | D:8      | Found a shadowy altar of Dithmenos.
  7966 | D:8      | Found Fenatuc's Jewellery Boutique.
  8282 | D:8      | Identified a +0 rod of ignition (13/13) (You found it on level 8 of the Dungeon)
  8327 | D:8      | Found Ratiustru's Gadget Emporium.
  8519 | D:9      | Reached *** piety under the Shining One
  8534 | D:9      | Reached skill level 10 in Fighting
  8541 | D:9      | Reached skill level 10 in Armour
  8631 | D:9      | Found an opulent altar of Gozag.
  8678 | D:9      | Reached XP level 11. HP: 99/99 MP: 12/12
  8782 | D:9      | Reached skill level 10 in Shields
  8791 | D:9      | Found a white marble altar of Elyvilon.
  8894 | D:9      | Found Kuathrief's Magic Scroll Shoppe.
  9359 | D:9      | Found a bloodstained altar of Trog.
  9484 | D:10     | Entered Level 10 of the Dungeon
  9488 | D:10     | Noticed a phantasmal warrior
  9489 | D:10     | Noticed a death knight
  9490 | D:10     | Noticed a phantasmal warrior
  9512 | D:9      | Killed a phantasmal warrior
  9594 | D:9      | Killed a death knight
  9696 | D:10     | HP: 4/100 [phantasmal warrior[a death knight] (2)]
  9698 | D:10     | Mangled by a phantasmal warrior

Vault maps used:
D:1:      dpeg_arrival_boxes_within_box
D:2:      uniq_terence, uniq_jessica, uniq_sigmund, uniq_natasha
D:3:      uniq_crazy_yiuf_cottage
D:4:      lemuel_crystal_altar, serial_shops,
          nicolae_shop_temple_entry_statues_fountains
D:5:      lemuel_ice_spiral_2, minitemple, first_bread
D:6:      old_standard_altar, evilmike_ruin_ashenzari, kennysheep_mini,
          uniq_duvessa, uniq_pikel
D:7:      serial_bayou, serial_bayou_lagoon_b, serial_bayou_lagoon_a,
          serial_bayou_pond_a, serial_bayou_pond_c, guppyfry_early_elven_hall
D:8:      lemuel_round_altar, minmay_lair_entry_grove,
          nicolae_ossuary_entry_plus, serial_shops, shop, nicolae_shop_stone,
          nicolae_shop_trees, nicolae_shop_trees, uniq_prince_ribbit1
D:9:      nicolae_gozag_seed_capital, lemuel_doored_altar,
          trog_eyes_of_draining, serial_shops, shop
D:10:     serial_curves, eino_curves_02, eino_curves_04, eino_curves_04
Temple:   dpeg_chambers_temple
Ossuary:  ossuary_crypta

Skill      XL: |  1  2  3  4  5  6  7  8  9 10 11 |
---------------+----------------------------------+-----
Shields        | 4 5 6 7 8 9 10 | 10.2
Long Blades    | 3 4 5 7 8 9 10 | 10.8
Fighting       | 4 5 6 7 8 10 | 10.2
Armour         | 4 5 6 7 8 10 | 10.2
Invocations    | 1 4 5 6 |  6.3

Action                   |  1- 3 |  4- 6 |  7- 9 | 10-12 || total
-------------------------+-------+-------+-------+-------++-------
Melee: Long sword        |    84 |   118 |    25 |       ||   227
       Headbutt          |    11 |    22 |    42 |    70 ||   145
       Falchion          |       |       |   264 |   337 ||   601
Evoke: Wand              |       |       |       |     1 ||     1
  Use: Scroll            |       |       |       |     5 ||     5
  Eat: Chunk             |     1 |     4 |    17 |    30 ||    52
Armor: Scale mail        |    45 |    49 |    68 |       ||   162
       Chain mail        |       |       |    16 |    27 ||    43
       Plate armour      |       |       |       |    62 ||    62
Dodge: Dodged            |    22 |    27 |    72 |    41 ||   162
Block: Shield            |    43 |    61 |    88 |   121 ||   313
